 Dungeon Crawl Stone Soup version 0.29.0-4-gdea44cf6ec (webtiles) character file.

Game seed: 16072921688036114708

6217 qw the Cleaver (level 10, -15/66 HPs)
             Began as a Gargoyle Berserker on Sept 5, 2022.
             Was a Priest of Trog.
             Demolished by Gastronok (16 damage)
             ... on level 1 of the Lair of Beasts.
             The game lasted 00:03:17 (9477 turns).

qw the Cleaver (Gargoyle Berserker)                 Turns: 9477, Time: 00:03:18

Health: -15/66     AC: 23    Str: 25    XL:     10   Next: 92%
Magic:  10/10      EV: 13    Int:  8    God:    Trog [***...]
Gold:   146        SH:  0    Dex:  9    Spells: 9/9 levels left

rFire   . . .      SeeInvis .   Y - +0 war axe
rCold   . . .      Faith    .   (no shield)
rNeg    + . .      Spirit   .   e - +0 chain mail
rPois   inf        Reflect  .   q - +1 helmet
rElec   +          Harm     .   i - +2 cloak
rCorr   .          Rampage  .   (no gloves)
Will    .....                   (no boots)
Stlth   ..........              h - amulet of the acrobat
HPRegen 0.21/turn               m - +4 ring of evasion
MPRegen 0.12/turn               (no ring)

@: about to teleport, on berserk cooldown, slowed, very slow
A: sickness immunity, AC +7, negative energy resistance 1, electricity
resistance, torment resistance 1, petrification resistance
a: Renounce Religion, Berserk, Trog's Hand


You were on level 1 of the Lair of Beasts.
You worshipped Trog.
Trog was most pleased with you.
You visited 2 branches of the dungeon, and saw 9 of its levels.

You collected 301 gold pieces.
You spent 155 gold pieces at shops.


Innate Abilities, Weirdness & Mutations

You are immune to sickness and miasma.
Your stone body is resilient. (AC +7)
You are immune to poison.
You resist negative energy. (rN+)
You are resistant to electric shocks. (rElec)
You are resistant to unholy torment.
You are immune to petrification.


   Skills:
 - Level 9.0 Fighting
 + Level 11.4 Axes
 - Level 3.4 Throwing
 - Level 6.6 Armour
 - Level 2.7 Dodging


You had 9 spell levels left.
You didn't know any spells.
Your spell library was empty.

Inventory:

Hand Weapons
 n - a +0 flail
 Y - a +0 war axe (weapon)
Missiles
 k - 6 boomerangs (quivered)
 s - 5 silver boomerangs
Armour
 e - a +0 chain mail (worn)
 i - a +2 cloak (worn)
 q - a +1 helmet (worn)
Jewellery
 g - an amulet of regeneration
 h - an amulet of the acrobat (around neck)
 m - a +4 ring of evasion (left hand)
Scrolls
 d - a scroll of identify
 f - 3 scrolls of teleportation
Potions
 a - 2 potions of cancellation
 c - 2 potions of heal wounds
 j - a potion of curing
 o - 2 potions of mutation
 p - a potion of resistance
 r - 2 potions of might
 u - a potion of haste {unknown}

Dungeon Overview and Level Annotations

Branches:
Dungeon (8/15)             Temple (0/1) D:4            Lair (1/5) D:8

Altars:
Cheibriados
Elyvilon
Gozag
Hepliaklqana
Makhleb
Okawaru
Ru
Sif Muna
Trog
Wu Jian
Zin
The Shining One

Shops:
D:1 ***!*   D:3 ?   D:8 [

Annotations:
D:6 2 transporters, qw's ghost, novice MiFi
Lair:1 Gastronok; Urug


Message History

You slice the rat!!
You kill the rat!
The rat's corpse disappears in a puff of smoke!
You barely miss Gastronok.
Gastronok is lightly wounded.
You hit Gastronok.
Gastronok is lightly wounded.
You slice Gastronok!!
Gastronok is lightly wounded.
You hear a howl!
A wolf comes into view.
Gastronok waves his eye-stalks in wide circles.
The air twists around and strikes you!!
You hit Gastronok.
Gastronok is lightly wounded.
You slice Gastronok!!
Gastronok is moderately wounded.
You closely miss the wolf. The wolf bites you but does no damage.
You slice Gastronok!!
Gastronok is heavily wounded.
You hit the wolf. You barely miss the wolf. The wolf barely misses you.
Gastronok closely misses you. The wolf misses you.
You slash Gastronok!
Gastronok is heavily wounded.
You slash the wolf! You miss the wolf. The wolf bites you but does no damage.
The wolf barely misses you.
You slash Gastronok!
Gastronok is heavily wounded.
You barely miss the wolf. You slash the wolf!
You kill the wolf!
Trog accepts your kill.
You are no longer berserk.
You are exhausted.
You feel yourself slow down. The wolf bites you. x2
9477 ||| READING 4 scrolls of teleportation.
As you read the scroll of teleportation, it crumbles to dust.
You feel strangely unstable. The wolf bites you but does no damage.
Gastronok bites you!
You die...

.........
#...h..####
#..o#..8.## #
#.hh#.....#
#..#####.h.#8.>.8#
.........h.......#
...(.......##....#
#..#####...###+h##
#..##..@%.#
#.#...w8...#
##..........#
#...8..>..8..#
##.............#
##.......8.......
##...........#....
#...8..#........8.
#.....##..8..#


You could see Gastronok and a wolf.

Vanquished Creatures
  Pikel (D:5)
  2 komodo dragons
  Grinder (D:4)
  A wyvern (D:7)
  A steam dragon (D:8)
  2 water moccasins (Lair:1)
  3 ice beasts
  2 black bears
  19 wolves (Lair:1)
  2 ogres (D:4)
  A centaur (D:6)
  3 phantoms
  2 kobold brigands (D:8)
  3 necrophages
  4 scorpions
  16 killer bees
  A howler monkey (D:6)
  5 orc priests
  5 jellies
  4 hounds
  An iguana (D:5)
  2 orc wizards (D:5)
  A hell rat (Lair:1)
  7 gnolls
  6 adders
  A shadow imp (D:8)
  An ufetubus (D:4)
  3 dart slugs
  16 orcs
  5 ball pythons
  5 bats
  4 endoplasms
  4 giant cockroaches
  5 goblins
  8 hobgoblins
  3 jackals (D:5)
  12 kobolds
  6 quokkas
  4 frilled lizards
  3 rats
175 creatures vanquished.

Vanquished Creatures (others)
  A fungus (Lair:1)
  23 plants
24 creatures vanquished.

Grand Total: 199 creatures vanquished

Notes
Turn   | Place    | Note
-------+----------+-------------------------------------------
     0 | D:1      | qw the Gargoyle Berserker began the quest for the Orb.
     0 | D:1      | Reached XP level 1. HP: 14/14 MP: 1/1
     0 | D:1      | 0 ||| qw: Version: 0.1-a-104-g96f76f8
     0 | D:1      | 0 ||| qw: Game counter: 5866
     0 | D:1      | 0 ||| qw: Always use a shield: true
     0 | D:1      | 0 ||| qw: Do Orc after D:15 true
     0 | D:1      | 0 ||| qw: Do second Lair branch before Depths: true
     0 | D:1      | 0 ||| qw: Lair rune preference: random
     0 | D:1      | 0 ||| qw: Plans: Normal
     0 | D:1      | 0 ||| PLANNING D:1-11
    17 | D:1      | 17 ||| Stepping ~*~*~tactically~*~*~ (stealth).
    44 | D:1      | Found Senuumas's Assorted Antiques.
    49 | D:1      | 49 ||| SHOPLISTING glowing leather armour (100 gold, have
                  | 0).
    49 | D:1      | 49 ||| SHOPLISTING scroll labelled DUFUASMINORO (20 gold,
                  | have 0).
    49 | D:1      | 49 ||| SHOPLISTING scroll labelled JEHYMN OFURUY (20 gold,
                  | have 0).
    49 | D:1      | 49 ||| SHOPLISTING scroll labelled JULECEI USEISCH (20
                  | gold, have 0).
    49 | D:1      | 49 ||| SHOPLISTING scroll labelled KABEYK YPSULI (20 gold,
                  | have 0).
    62 | D:1      | Reached skill level 3 in Axes
    77 | D:1      | Reached XP level 2. HP: 15/19 MP: 2/2
   321 | D:1      | Found Peuwuoq's Assorted Antiques.
   330 | D:1      | 330 ||| SHOPLISTING 2 inky potions (52 gold, have 33).
   330 | D:1      | 330 ||| BUYING fizzy orange potion (26 gold).
   330 | D:1      | Bought a fizzy orange potion for 26 gold pieces
   330 | D:1      | 330 ||| SHOPLISTING scroll labelled FOOPHE VEEVO (29 gold,
                  | have 7).
   330 | D:1      | 330 ||| SHOPLISTING scroll labelled JULECEI USEISCH (29
                  | gold, have 7).
   330 | D:1      | 330 ||| SHOPLISTING scroll labelled KUBENT GO LAM (29 gold,
                  | have 7).
   434 | D:1      | Found Ludite's Assorted Antiques.
   442 | D:1      | 442 ||| SHOPLISTING black potion (20 gold, have 7).
   442 | D:1      | 442 ||| SHOPLISTING blackened diamond ring (115 gold, have
                  | 7).
   442 | D:1      | 442 ||| SHOPLISTING fizzy orange potion (20 gold, have 7).
   442 | D:1      | 442 ||| SHOPLISTING knobbly moonstone ring (115 gold, have
                  | 7).
   442 | D:1      | 442 ||| SHOPLISTING white potion (20 gold, have 7).
   490 | D:1      | Found Myziw's Distillery.
   507 | D:1      | 507 ||| SHOPLISTING potion of might (44 gold, have 33).
   748 | D:1      | Found Vesom's General Store.
   774 | D:1      | 774 ||| Stepping ~*~*~tactically~*~*~ (stealth).
   777 | D:1      | 777 ||| Stepping ~*~*~tactically~*~*~ (stealth).
   780 | D:1      | 780 ||| Stepping ~*~*~tactically~*~*~ (stealth).
   781 | D:1      | 781 ||| Stepping ~*~*~tactically~*~*~ (stealth).
   841 | D:1      | 841 ||| SHOPLISTING scroll of brand weapon (123 gold, have
                  | 43).
  1015 | D:1      | Found a faded altar of an unknown god.
  1016 | D:1      | 1016 ||| UPGRADING to +0 chain mail.
  1026 | D:1      | 1026 ||| DROPPING +0 animal skin.
  1027 | D:1      | 1027 ||| READING scroll labelled EPYDIG ESEKLATT.
  1028 | D:1      | 1028 ||| READING scroll labelled MEHAIRGHEOLE.
  1029 | D:1      | 1029 ||| READING scroll labelled PEEHEN GEUTIU.
  1030 | D:1      | 1030 ||| DRINKING 2 lumpy inky potions.
  1096 | D:2      | 1096 ||| FLEEEEING.
  1097 | D:2      | 1097 ||| STAIRDANCE
  1172 | D:2      | Identified the +3 quarterstaff of Action {freeze, rC++
                  | Int+4}
  1209 | D:2      | 1209 ||| Stepping ~*~*~tactically~*~*~ (stealth).
  1211 | D:2      | Reached XP level 3. HP: 23/23 MP: 3/3
  1213 | D:2      | 1213 ||| Stepping ~*~*~tactically~*~*~ (stealth).
  1294 | D:2      | 1294 ||| DROPPING +0 club.
  1584 | D:2      | 1584 ||| Stepping ~*~*~tactically~*~*~ (stealth).
  1585 | D:2      | 1585 ||| Stepping ~*~*~tactically~*~*~ (stealth).
  1586 | D:2      | 1586 ||| Stepping ~*~*~tactically~*~*~ (stealth).
  1601 | D:2      | You fall into a shaft and drop 2 floors!
  1658 | D:4      | Noticed an ice beast
  1663 | D:4      | 1663 ||| INVOKING Berserk.
  1664 | D:4      | 1664 ||| INVOKING Berserk.
  1675 | D:4      | Killed an ice beast
  1676 | D:4      | Reached skill level 5 in Axes
  1676 | D:4      | Reached XP level 4. HP: 13/28 MP: 4/4
  1676 | D:4      | Reached XP level 5. HP: 15/32 MP: 5/5
  1919 | D:4      | 1919 ||| READING 3 scrolls labelled JEHYMN OFURUY.
  1920 | D:4      | 1920 ||| READING scroll labelled KUBENT GO LAM.
  1924 | D:4      | 1924 ||| DRINKING 3 fizzy orange potions.
  1925 | D:4      | 1925 ||| READING 2 scrolls of identify.
  1925 | D:4      | 1925 ||| IDENTIFYING fuming yellow potion
  1926 | D:4      | 1926 ||| DROPPING 2 potions of attraction.
  1933 | D:4      | Noticed a black bear
  1935 | D:4      | 1935 ||| INVOKING Berserk.
  1940 | D:4      | Killed a black bear
  1941 | D:4      | Reached XP level 6. HP: 39/39 MP: 6/6
  2364 | D:2      | 2364 ||| READING scroll labelled OVVYFA ROTEZEQ.
  2380 | D:3      | Found Lagot's Magic Scroll Shoppe.
  2391 | D:3      | 2391 ||| BUYING scroll of identify (22 gold).
  2391 | D:3      | Bought a scroll of identify for 22 gold pieces
  2391 | D:3      | 2391 ||| BUYING scroll of identify (22 gold).
  2391 | D:3      | Bought a scroll of identify for 22 gold pieces
  2391 | D:3      | 2391 ||| BUYING scroll of identify (22 gold).
  2391 | D:3      | Bought a scroll of identify for 22 gold pieces
  2391 | D:3      | 2391 ||| SHOPLISTING scroll of identify (22 gold, have 2).
  2391 | D:3      | 2391 ||| SHOPLISTING scroll of teleportation (33 gold, have
                  | 2).
  2497 | D:3      | 2497 ||| Stepping ~*~*~tactically~*~*~ (hiding).
  2500 | D:3      | 2500 ||| FLEEEEING.
  2501 | D:3      | 2501 ||| FLEEEEING.
  2508 | D:3      | 2508 ||| FLEEEEING.
  2514 | D:3      | 2514 ||| FLEEEEING.
  2515 | D:3      | 2515 ||| FLEEEEING.
  3259 | D:3      | 3259 ||| UPGRADING to amulet of the acrobat.
  3288 | D:4      | Found a staircase to the Ecumenical Temple.
  3301 | D:4      | Noticed Grinder
  3323 | D:4      | 3323 ||| INVOKING Berserk.
  3328 | D:4      | Killed Grinder
  3329 | D:4      | Reached skill level 6 in Axes
  3329 | D:4      | Reached XP level 7. HP: 42/44 MP: 7/7
  3344 | D:4      | 3344 ||| FLEEEEING.
  3345 | D:4      | 3345 ||| FLEEEEING.
  3346 | D:4      | 3346 ||| STAIRDANCE
  3458 | D:3      | 3458 ||| UPGRADING to +0 cloak.
  3466 | D:4      | Reached ** piety under Trog
  3485 | D:4      | Reached skill level 3 in Armour
  3599 | D:4      | 3599 ||| INVOKING Berserk.
  3603 | D:4      | Reached skill level 1 in Throwing
  3614 | D:4      | Reached skill level 7 in Axes
  3723 | D:4      | 3723 ||| DROPPING +0 whip.
  3774 | D:4      | 3774 ||| Stepping ~*~*~tactically~*~*~ (hiding).
  3930 | D:4      | 3930 ||| Stepping ~*~*~tactically~*~*~ (stealth).
  3988 | D:4      | 3988 ||| Stepping ~*~*~tactically~*~*~ (stealth).
  3989 | D:4      | 3989 ||| Stepping ~*~*~tactically~*~*~ (stealth).
  3990 | D:4      | 3990 ||| Stepping ~*~*~tactically~*~*~ (stealth).
  3993 | D:4      | 3993 ||| Stepping ~*~*~tactically~*~*~ (stealth).
  3994 | D:4      | 3994 ||| Stepping ~*~*~tactically~*~*~ (stealth).
  3995 | D:4      | 3995 ||| Stepping ~*~*~tactically~*~*~ (stealth).
  3996 | D:4      | 3996 ||| Stepping ~*~*~tactically~*~*~ (stealth).
  3997 | D:4      | 3997 ||| Stepping ~*~*~tactically~*~*~ (stealth).
  4000 | D:4      | 4000 ||| INVOKING Berserk.
  4004 | D:4      | Reached XP level 8. HP: 50/50 MP: 8/8
  4125 | D:4      | 4125 ||| INVOKING Berserk.
  4251 | D:4      | 4251 ||| Stepping ~*~*~tactically~*~*~ (stealth).
  4253 | D:4      | 4253 ||| Stepping ~*~*~tactically~*~*~ (stealth).
  4254 | D:4      | 4254 ||| Stepping ~*~*~tactically~*~*~ (stealth).
  4262 | D:4      | 4262 ||| Stepping ~*~*~tactically~*~*~ (stealth).
  4609 | D:4      | 4609 ||| READING scroll labelled FASAFRY JOUDUE.
  4671 | D:4      | 4671 ||| READING 2 scrolls labelled FOOPHE VEEVO.
  4672 | D:4      | 4672 ||| READING scroll of enchant weapon.
  4672 | D:4      | 4672 ||| ENCHANTING +1 hand axe.
  4673 | D:4      | 4673 ||| READING 7 scrolls of identify.
  4673 | D:4      | 4673 ||| IDENTIFYING blue potion
  4674 | D:4      | 4674 ||| DROPPING potion of degeneration.
  4685 | D:5      | Entered Level 5 of the Dungeon
  4823 | D:5      | Reached skill level 8 in Axes
  4840 | D:5      | 4840 ||| INVOKING Berserk.
  4941 | D:5      | 4941 ||| Stepping ~*~*~tactically~*~*~ (stealth).
  5010 | D:5      | Reached skill level 6 in Fighting
  5067 | D:5      | Noticed Pikel
  5071 | D:5      | 5071 ||| INVOKING Berserk.
  5081 | D:5      | Killed Pikel
  5082 | D:5      | Reached skill level 6 in Armour
  5082 | D:5      | Reached XP level 9. HP: 55/55 MP: 9/9
  5210 | D:5      | Found a sacrificial altar of Ru.
  5318 | D:5      | 5318 ||| INVOKING Berserk.
  5850 | D:5      | 5850 ||| UPGRADING to +4 ring of evasion.
  5851 | D:5      | 5851 ||| READING scroll labelled QUBRESOMMODGH.
  5852 | D:5      | 5852 ||| READING 4 scrolls labelled ZUWIWKA LUIMU.
  5853 | D:5      | 5853 ||| READING 3 scrolls of enchant armour.
  5853 | D:5      | 5853 ||| ENCHANTING +0 cloak.
  5854 | D:5      | 5854 ||| READING 2 scrolls of enchant armour.
  5854 | D:5      | 5854 ||| ENCHANTING +1 cloak.
  5855 | D:5      | 5855 ||| READING scroll labelled VEDGHI UMNUFELI.
  5856 | D:5      | 5856 ||| READING 6 scrolls of identify.
  5856 | D:5      | 5856 ||| IDENTIFYING murky brown potion
  5857 | D:5      | 5857 ||| READING 5 scrolls of identify.
  5857 | D:5      | 5857 ||| IDENTIFYING black potion
  5858 | D:5      | 5858 ||| DROPPING potion of lignification.
  5859 | D:5      | 5859 ||| DROPPING potion of brilliance.
  5886 | D:6      | Identified the +6 dire flail "Wostid" {elec, Dex+6}
  5886 | D:6      | Noticed a two-headed ogre
  5886 | D:6      | Noticed qw's ghost (novice MiFi)
  5886 | D:6      | Found a transporter.
  5886 | D:6      | Found a transporter.
  5914 | D:6      | 5914 ||| Stepping ~*~*~tactically~*~*~ (stealth).
  5921 | D:6      | 5921 ||| INVOKING Berserk.
  6070 | D:6      | Reached skill level 9 in Axes
  6286 | D:6      | 6286 ||| Stepping ~*~*~tactically~*~*~ (stealth).
  6379 | D:6      | 6379 ||| INVOKING Berserk.
  6527 | D:6      | 6527 ||| Stepping ~*~*~tactically~*~*~ (stealth).
  6530 | D:6      | 6530 ||| Stepping ~*~*~tactically~*~*~ (stealth).
  6587 | D:6      | 6587 ||| Stepping ~*~*~tactically~*~*~ (hiding).
  6588 | D:6      | 6588 ||| Stepping ~*~*~tactically~*~*~ (hiding).
  6590 | D:6      | 6590 ||| Stepping ~*~*~tactically~*~*~ (hiding).
  6809 | D:6      | 6809 ||| SWAPPING to +0 war axe.
  6810 | D:6      | 6810 ||| DROPPING +2 hand axe.
  7036 | D:6      | 7036 ||| READING 5 scrolls of identify.
  7036 | D:6      | 7036 ||| IDENTIFYING puce potion
  7037 | D:6      | 7037 ||| READING 4 scrolls of identify.
  7037 | D:6      | 7037 ||| IDENTIFYING sapphire potion
  7038 | D:6      | 7038 ||| READING 3 scrolls of identify.
  7038 | D:6      | 7038 ||| IDENTIFYING yellow potion
  7039 | D:6      | 7039 ||| DROPPING potion of invisibility.
  7040 | D:6      | 7040 ||| DROPPING potion of magic.
  7070 | D:6      | 7070 ||| INVOKING Berserk.
  7237 | D:7      | 7237 ||| Stepping ~*~*~tactically~*~*~ (stealth).
  7239 | D:7      | 7239 ||| INVOKING Berserk.
  7286 | D:7      | Reached skill level 10 in Axes
  7766 | D:7      | Found a white marble altar of Elyvilon.
  7870 | D:7      | 7870 ||| Invisible monster not found???
  7959 | D:7      | Reached XP level 10. HP: 63/63 MP: 10/10
  8052 | D:7      | Found an opulent altar of Gozag.
  8053 | D:7      | Found a glowing silver altar of Zin.
  8055 | D:7      | Found an iron altar of Okawaru.
  8066 | D:7      | Found a burning altar of Makhleb.
  8075 | D:7      | Found a bloodstained altar of Trog.
  8079 | D:7      | Found a glowing golden altar of the Shining One.
  8082 | D:7      | Found a shimmering blue altar of Sif Muna.
  8084 | D:7      | Found a snail-covered altar of Cheibriados.
  8143 | D:7      | Reached skill level 3 in Throwing
  8353 | D:7      | 8353 ||| DROPPING ring of magical power.
  8354 | D:7      | 8354 ||| READING scroll labelled TYKUYMOUSA.
  8455 | D:7      | 8455 ||| DRINKING 2 glowing yellow potions.
  8456 | D:7      | 8456 ||| READING 2 scrolls of identify.
  8456 | D:7      | 8456 ||| IDENTIFYING inky potion
  8517 | D:8      | Found an ornate altar of the Wu Jian Council.
  8556 | D:8      | Found Icyonoez's Armour Emporium.
  8569 | D:8      | 8569 ||| BUYING +0 helmet (63 gold).
  8569 | D:8      | Bought a +0 helmet for 63 gold pieces
  8569 | D:8      | 8569 ||| SHOPLISTING +2 scale mail of fire resistance (294
                  | gold, have 129).
  8647 | D:8      | 8647 ||| Stepping ~*~*~tactically~*~*~ (hiding).
  8650 | D:8      | 8650 ||| INVOKING Berserk.
  8772 | D:8      | 8772 ||| Stepping ~*~*~tactically~*~*~ (stealth).
  8774 | D:8      | 8774 ||| Stepping ~*~*~tactically~*~*~ (stealth).
  8775 | D:8      | 8775 ||| Stepping ~*~*~tactically~*~*~ (stealth).
  8777 | D:8      | 8777 ||| Stepping ~*~*~tactically~*~*~ (stealth).
  8779 | D:8      | 8779 ||| Stepping ~*~*~tactically~*~*~ (stealth).
  8878 | D:8      | 8878 ||| INVOKING Berserk.
  9003 | D:8      | 9003 ||| Stepping ~*~*~tactically~*~*~ (stealth).
  9003 | D:8      | Found a staircase to the Lair.
  9004 | D:8      | 9004 ||| Stepping ~*~*~tactically~*~*~ (stealth).
  9025 | D:8      | 9025 ||| Stepping ~*~*~tactically~*~*~ (stealth).
  9026 | D:8      | 9026 ||| Stepping ~*~*~tactically~*~*~ (stealth).
  9150 | D:8      | Found a hazy altar of Hepliaklqana.
  9273 | D:8      | 9273 ||| PLANNING LAIR
  9273 | D:8      | 9273 ||| UPGRADING to +0 helmet.
  9278 | D:8      | 9278 ||| READING scroll of enchant armour.
  9278 | D:8      | 9278 ||| ENCHANTING +0 helmet.
  9279 | D:8      | 9279 ||| READING scroll labelled FEIMAIH YNES.
  9280 | D:8      | 9280 ||| DRINKING 2 white potions.
  9326 | Lair:1   | Entered Level 1 of the Lair of Beasts
  9403 | Lair:1   | 9403 ||| INVOKING Berserk.
  9405 | Lair:1   | Reached skill level 11 in Axes
  9408 | Lair:1   | Noticed Urug
  9423 | Lair:1   | Reached *** piety under Trog
  9435 | Lair:1   | HP: 12/65 [wolf (8)]
  9435 | Lair:1   | HP: 5/65 [wolf (1)]
  9436 | Lair:1   | 9436 ||| READING 6 scrolls of teleportation.
  9437 | Lair:1   | 9437 ||| DRINKING 4 potions of heal wounds.
  9438 | Lair:1   | Noticed a cane toad
  9442 | Lair:1   | HP: 14/65 [cane toad (14)]
  9443 | Lair:1   | 9443 ||| READING 5 scrolls of teleportation.
  9444 | Lair:1   | 9444 ||| DRINKING 3 potions of heal wounds.
  9446 | Lair:1   | Noticed Gastronok
  9447 | Lair:1   | Reached skill level 9 in Fighting
  9455 | Lair:1   | 9455 ||| INVOKING Berserk.
  9471 | Lair:1   | HP: 7/99 [Gastronok/the air (25)]
  9476 | Lair:1   | HP: 3/66 [wolf (2)]
  9476 | Lair:1   | HP: 1/66 [wolf (2)]
  9477 | Lair:1   | 9477 ||| READING 4 scrolls of teleportation.
  9477 | Lair:1   | Demolished by Gastronok

Levels and vault maps discovered:
D:1:      nicolae_arrival_memento_mori, layout_basic, serial_shops,
          nicolae_shop_waterfront, nicolae_shop_waterfront,
          nicolae_diamond_shop, nicolae_shop_stone, shop,
          shapermc_ecumenical_altar_mp_urbaneastern, lemuel_another_geyser
D:2:      layout_loops_corners
D:3:      layout_basic, serial_shops, shop
D:4:      minmay_recursive_quarters, layout_cave_pools,
          minmay_temple_entry_statues_pillars, minmay_misc_feat_four_crosses,
          minivault_5, grunt_ministairs_8, kennysheep_doodads,
          guppyfry_early_lair_pool, uniq_grinder
D:5:      layout_basic, mainiacjoe_overflow_surrounded_room, uniq_pikel
D:6:      layout_loops_corners, gammafunk_ghost_smash
D:7:      layout_loops_ring, nicolae_overflow_hallway_of_the_gods,
          lemuel_tele_altar
D:8:      layout_cave_pools, mainiacjoe_overflow_alcove_2,
          pdpol_wu_jian_five_deadly_venoms, david_lair_shrubbed, serial_shops,
          shop
Lair:1:   layout_small_grid, grunt_forest_large_clearings, grunt_megastairs_3,
          serial_bayou_shore_b, uniq_gastronok, uniq_urug

Skill      XL: |  1  2  3  4  5  6  7  8  9 10 |
---------------+-------------------------------+-----
Axes           | 3 5 6 7 8 10 11 | 11.4
Fighting       | 4 5 6 7 9 |  9.0
Armour         | 3 6 |  6.6
Throwing       | 1 2 3 |  3.4
Dodging        | 2 |  2.7

Action                   |  1- 3 |  4- 6 |  7- 9 | 10-12 || total
-------------------------+-------+-------+-------+-------++-------
Melee: Hand axe          |    76 |    95 |   264 |       ||   435
       Punch             |       |     2 |     4 |     2 ||     8
       War axe           |       |       |    65 |   177 ||   242
Throw: Boomerang         |    11 |    26 |    41 |     2 ||    80
       Javelin           |       |       |    19 |    18 ||    37
Invok: Berserk           |     1 |     2 |    10 |     4 ||    17
  Use: Scroll            |     3 |     4 |    14 |     7 ||    28
       Potion            |     1 |     1 |       |     4 ||     6
Armor: Animal skin       |     9 |       |       |       ||     9
       Chain mail        |     9 |    59 |   181 |   156 ||   405
Dodge: Dodged            |    34 |    46 |   232 |   157 ||   469

Table legend:
 A = Non-vault XP
 B = Vault XP
 C = Vault XP percentage of total XP
 D = Non-vault monster count
 E = Vault monster count
 F = Vault count percentage of total count
                 A         B        C        D         E       F
            +---------+---------+-------+---------+---------+-------
      Total |    4500 |    4382 |  49.3 |     135 |      40 |  22.9
            +---------+---------+-------+---------+---------+-------
        D:1 |      28 |       0 |   0.0 |      15 |       0 |   0.0
        D:2 |      28 |       0 |   0.0 |      18 |       0 |   0.0
        D:3 |      42 |       0 |   0.0 |      14 |       0 |   0.0
        D:4 |     512 |     894 |  63.6 |      12 |      17 |  58.6
        D:5 |     585 |     718 |  55.1 |      19 |       1 |   5.0
        D:6 |    1336 |       0 |   0.0 |      26 |       0 |   0.0
        D:7 |    1048 |       0 |   0.0 |      16 |       0 |   0.0
        D:8 |     398 |     355 |  47.1 |      13 |       1 |   7.1
     Lair:1 |     523 |    2415 |  82.2 |       2 |      21 |  91.3
            +---------+---------+-------+---------+---------+-------
